 Dungeon Crawl Stone Soup version 0.17-a0-1460-g8163d8a (webtiles) character file.

13 Vlagh the Insei (level 2, -2/18 HPs)
             Began as an Octopode Transmuter on June 30, 2015.
             Slain by Sigmund
             ... wielding a +0 scythe
              (10 damage)
             ... on level 2 of the Dungeon.
             The game lasted 00:03:43 (1469 turns).

Vlagh the Insei (Octopode Transmuter)               Turns: 1469, Time: 00:03:43

Health: -2/18      AC:  1    Str:  9    XL:     2   Next: 37%
Magic:  5/5        EV: 12    Int: 15    God:
Gold:   33         SH:  0    Dex: 12    Spells: 2 memorised, 2 levels left

rFire  . . .     SeeInvis .       - Unarmed
rCold  + . .     Clarity  .     (no shield)
rNeg   . . .     SustAt   .     (helmet restricted)
rPois  .         Gourm    .     f - amulet of resist mutation
rElec  .         Spirit   .     i - ring of protection from cold
rCorr  .         Warding  .     (no ring)
rMut   +         Stasis   .     (no ring)
MR     .....                    (no ring)
Stlth  ++........               (no ring)
                                (no ring)
                                (no ring)
                                (no ring)

@: confused, not resistant to hostile enchantments, unstealthy
A: almost no armour, amphibious, 8 rings, constrict 8, camouflage 1, gelatinous
body 1
a: no special abilities


You were on level 2 of the Dungeon.
You were near starving.

You visited 1 branch of the dungeon, and saw 2 of its levels.

You collected 33 gold pieces.

Inventory:

Missiles
 a - 12 arrows
Jewellery
 f - an amulet of resist mutation (around mantle)
 i - a ring of protection from cold (left tentacle)
Scrolls
 e - 2 scrolls of remove curse {unknown}
 g - a scroll of recharging {unknown}
 h - a scroll of enchant weapon {unknown}
 j - a scroll of identify {unknown}
 k - a scroll of teleportation {unknown}
Potions
 d - a potion of curing
 l - a potion of might {unknown}
 m - a potion of heal wounds {unknown}
Books
 b - a book of Changes

   Spells                             Type                      Level
   a - Beastly Appendage              Transmutation                1
   b - Sticks to Snakes               Transmutation                2
   c - Spider Form                    Transmutation/Poison         3
   d - Ice Form                       Ice/Transmutation            4
   e - Blade Hands                    Transmutation                5
Comestibles
 c - a bread ration


   Skills:
 - Level 1.0 Fighting
 - Level 2.0 Dodging
 - Level 3.0 Unarmed Combat
 + Level 2.2 Spellcasting
 * Level 2.7 Transmutations


You had 2 spell levels left.
You knew the following spells:

 Your Spells              Type           Power        Failure   Level  Hunger
a - Beastly Appendage     Trmt           #.....       10%         1    #......
b - Sticks to Snakes      Trmt           #.........   12%         2    ###....


Dungeon Overview and Level Annotations

Branches:
Dungeon (2/15)

Altars:

Annotations:
D:2 Ijyb, Sigmund


Innate Abilities, Weirdness & Mutations

You cannot wear most types of armour.
You are amphibious.
You can wear up to eight rings at the same time.
You can use your tentacles to constrict eight enemies at once.
Your skin changes colour to match your surroundings (Stealth).
Your rubbery body absorbs attacks (AC +1).


Message History

Sigmund flickers and vanishes!
Deactivating autopickup; reactivate with Ctrl-A.
Ijyb zaps a wand.
You are confused.
You tentacle-slap Ijyb.
Ijyb is almost dead.
You constrict Ijyb. Something hits you!
Ouch! That really hurt!
Ijyb screams, "No!
No, no, no, no!"
Ijyb zaps a wand.
You are more confused.
You bump into the rock wall.
You constrict Ijyb.
Ijyb zaps a wand.
You are more confused.
Something completely misses you.
You release your grip on Ijyb.
Ijyb hits you but does no damage.
You miss Ijyb.
Ijyb is almost dead.
Something hits you!
Ouch! That really hurt!
You die...

#. ###.## ....# #..#
####### #..#####......
#.............
########.#####.#####
#.....##.## #.#
#..@g.#...# #.#
#.${....#...##.#####
#.....#...#.#.......
.................#####
####..#.#...#.##.#####
#..#.##......#.....
#..#.# ######.#####
#....# ..... .. ####


You could see Ijyb.

Vanquished Creatures
  2 giant geckos (D:1)
  A hobgoblin (D:2)
  3 kobolds
  2 bats (D:2)
  2 giant newts (D:1)
  A goblin (D:1)
  A quokka (D:2)
  2 rats
14 creatures vanquished.

Notes
Turn   | Place    | Note
--------------------------------------------------------------
     0 | D:1      | Vlagh the Octopode Transmuter began the quest for the Orb.
     0 | D:1      | Reached XP level 1. HP: 13/13 MP: 3/3
   851 | D:1      | Reached XP level 2. HP: 18/18 MP: 3/5
   855 | D:1      | Learned a level 2 spell: Sticks to Snakes
  1453 | D:2      | Noticed Ijyb
  1459 | D:2      | Noticed Sigmund
  1469 | D:2      | Slain by Sigmund

Vault maps used:
D:1:      eino_arrival_water_star
D:2:      minmay_divided_ellipse, uniq_iyjb, uniq_sigmund

Action                   || total
-------------------------++-------
Melee: Unarmed           ||    39
 Cast: Beastly Appendage ||    11
  Use: Potion            ||     2
 Stab: Sleeping          ||     2
